Map: Abyssal Reef LE

Players

TLO

  • Race: Zerg Zerg
  • Spawn Location: 11:00

Bistork - Winner!

  • Race: Protoss Protoss
  • Spawn Location: 5:00

Event: WCS Austin 2017

VOD

Have the link to the VOD?

Description

Time

  • Played on: April 28, 2017, 8:47 p.m.
  • Length: 7:53

All games in this series

Show
View Real Time Build Order
Export as new Build Order

TLO Zerg 

Build Orders: Hatch First 

Get SALT Encoding   

  12  0:00  Drone  
  13  0:13  Overlord  
  13  0:17  Drone  
  14  0:32  Drone x2  
  16  0:49  Hatchery  
  15  0:52  Drone  
  16  0:57  Drone  
  17  1:10  Spawning Pool  
  16  1:13  Drone  
  16  1:16  Drone  
  18  1:20  Drone  
  18  1:22  Extractor  
  18  1:34  Drone  
  19  1:40  Overlord  
  19  1:57  Queen  
  19  1:58  Zergling x2  
  19  2:01  Zergling x2  
  23  2:02  Queen  
  23  2:03  Zergling x2  
  26  2:12  Drone x2  
  28  2:31  Hatchery  
  28  2:33  Drone  
  28  2:34  Drone  
  29  2:39  Drone  
  30  2:45  Metabolic Boost  
  30  2:48  Overlord  
  30  2:53  Drone  
  30  2:56  Drone  
  31  3:05  Drone, Overlord  
  29  3:07  Drone  
  29  3:08  Drone x2  
  33  3:16  Queen  
  33  3:17  Drone  
  36  3:22  Drone  
  36  3:26  Zergling x2  
  38  3:27  Drone  
  38  3:28  Drone  
  38  3:30  Drone x2  
  42  3:35  Zergling x2  
  42  3:38  Drone  
  44  3:42  Drone x2, Spore Crawler  
  44  3:44  Drone  
  44  3:46  Drone  
  47  3:49  Drone  
  47  3:50  Drone, Spore Crawler  
  48  3:57  Baneling Nest  
  48  3:58  Drone  
  48  4:00  Spore Crawler  
  48  4:02  Drone  
  48  4:05  Overlord  
  49  4:10  Zergling x2  
  49  4:12  Drone  
  49  4:13  Zergling x2  
  49  4:14  Zergling x2  
  52  4:18  Zergling x4  
  52  4:20  Drone, Zergling x2  
  52  4:21  Drone x2  
  58  4:25  Drone x3  
  58  4:27  Zergling x2  
  58  4:29  Zergling x2  
  58  4:30  Queen  
  65  4:32  Zergling x2  
  65  4:37  Overlord  
  66  4:40  Baneling  
  66  4:41  Overlord, Baneling x4  
  66  4:44  Overlord  
  66  4:47  Baneling  
  66  4:53  Overlord  
  66  4:54  Overlord  
  66  4:57  Overlord  
  66  4:58  Overlord  
  66  5:02  Drone, Extractor  
  66  5:04  Roach Warren  
  66  5:05  Zergling x4  
  67  5:07  Zergling x2  
  67  5:08  Drone x2  
  67  5:12  Drone  
  71  5:16  Zergling x6  
  71  5:18  Drone  
  71  5:19  Zergling x2  
  76  5:22  Zergling x2  
  76  5:23  Zergling x2  
  76  5:24  Zergling x4  
  78  5:32  Drone x2  
  78  5:33  Drone  
  78  5:36  Lair, Drone  
  78  5:37  Drone x2, Extractor  
  78  5:41  Drone x2  
  82  5:44  Drone, Extractor  
  82  5:52  Drone x3  
  82  5:53  Drone x2  
  82  5:57  Extractor  
  85  5:58  Drone  
  85  6:02  Zergling x2  
  86  6:06  Zergling x2  
  86  6:07  Zergling x2  
  86  6:08  Zergling x2  
  84  6:12  Drone x2, Zergling x2  
  84  6:15  Overlord  
  84  6:17  Extractor  
  84  6:20  Roach  
  84  6:22  Roach  
  84  6:25  Roach x2  
  91  6:26  Roach, Hatchery  
  91  6:29  Roach x3  
  91  6:30  Roach  
  91  6:32  Roach  
  102  6:34  Roach  
  106  6:40  Roach  
  106  6:41  Roach  
  106  6:45  Ravager  
  106  6:46  Baneling  
  108  6:47  Zergling x2  
  108  6:48  Ravager  
  108  6:51  Overlord  
  108  6:53  Ravager  
  108  6:54  Spine Crawler  
  110  6:55  Ravager, Spine Crawler, Baneling x2  
  110  6:57  Zergling x2  
  110  6:58  Hatchery  
  106  7:01  Zergling x2  
  106  7:02  Zergling x6  
  106  7:03  Zergling x2  
  106  7:05  Zergling x2  
  105  7:08  Zergling x4  
  105  7:09  Ravager  
  105  7:10  Ravager x2  
  105  7:12  Zergling x2  
  105  7:14  Zergling x2  
  105  7:15  Zergling x2  
  101  7:17  Ravager  
  101  7:19  Roach  
  101  7:20  Roach  
  101  7:22  Roach x2  
  101  7:23  Zergling x2  
  101  7:26  Roach  
  101  7:28  Roach x3  
  95  7:31  Roach  
  95  7:34  Roach  
Show
View Real Time Build Order
Export as new Build Order

Bistork Protoss - Winner!

Build Orders: 1 Gate Expand 

Get SALT Encoding   

  12  0:01  Probe (Chrono Boost)  
  13  0:11  Probe (Chrono Boost)  
  14  0:19  Pylon  
  14  0:22  Probe (Chrono Boost)  
  15  0:37  Probe (Chrono Boost)  
  15  0:39  Gateway  
  16  0:47  Probe (Chrono Boost)  
  16  0:49  Assimilator  
  17  0:58  Probe (Chrono Boost)  
  18  1:08  Probe (Chrono Boost)  
  19  1:21  Nexus  
  19  1:27  Probe (Chrono Boost)  
  20  1:35  Cybernetics Core  
  20  1:39  Probe (Chrono Boost)  
  21  1:45  Assimilator  
  21  1:50  Probe (Chrono Boost)  
  22  1:54  Pylon  
  22  2:02  Probe (Chrono Boost)  
  23  2:08  Stalker  
  23  2:13  Warp Gate  
  23  2:14  Probe (Chrono Boost)  
  26  2:26  Twilight Council  
  26  2:29  Probe (Chrono Boost)  
  27  2:34  Probe (Chrono Boost)  
  27  2:35  Adept  
  28  2:41  Probe (Chrono Boost)  
  31  2:46  Probe (Chrono Boost)  
  31  2:49  Pylon  
  32  2:57  Resonating Glaives  
  32  3:05  Probe (Chrono Boost)  
  33  3:07  Probe (Chrono Boost)  
  34  3:15  Robotics Facility  
  34  3:16  Probe (Chrono Boost)  
  34  3:19  Probe (Chrono Boost)  
  36  3:25  Sentry  
  39  3:27  Probe (Chrono Boost)  
  39  3:31  Probe (Chrono Boost)  
  40  3:37  Probe (Chrono Boost)  
  41  3:42  Gateway  
  41  3:43  Gateway  
  41  3:46  Probe (Chrono Boost)  
  41  3:48  Probe (Chrono Boost)  
  43  3:53  Pylon  
  43  3:57  Warp Prism  
  43  3:59  Probe x2 (Chrono Boost)  
  48  4:10  Pylon  
  48  4:11  Probe (Chrono Boost)  
  48  4:13  Assimilator, Probe (Chrono Boost)  
  49  4:23  Probe (Chrono Boost)  
  51  4:24  Adept  
  51  4:25  Probe (Chrono Boost)  
  53  4:35  Probe (Chrono Boost)  
  54  4:40  Immortal, Adept  
  54  4:41  Sentry  
  62  4:50  Pylon  
  62  4:54  Nexus  
  62  5:02  Pylon  
  62  5:04  Sentry  
  62  5:06  Adept x2  
  68  5:15  Immortal  
  72  5:22  Gateway  
  68  5:35  Sentry x2  
  72  5:37  Gateway x2  
  72  5:40  Gateway  
  72  5:41  Gateway  
  72  5:48  Pylon  
  72  5:49  Immortal  
  72  5:55  Adept  
  78  5:58  Pylon  
  78  6:00  Adept  
  78  6:01  Adept  
  78  6:15  Pylon  
  78  6:16  Probe (Chrono Boost)  
  78  6:17  Probe (Chrono Boost)  
  81  6:18  Probe (Chrono Boost)  
  81  6:21  Sentry x2  
  81  6:22  Sentry  
  81  6:24  Adept  
  90  6:34  Probe (Chrono Boost)  
  90  6:36  Probe (Chrono Boost)  
  90  6:37  Probe (Chrono Boost)  
  92  6:40  Adept x3  
  92  6:43  Pylon  
  92  6:46  Observer  
  99  6:48  Adept x4  
  99  6:50  Adept  
  99  6:53  Pylon  
  99  6:54  Probe (Chrono Boost)  
  110  6:55  Pylon  
  110  6:59  Probe (Chrono Boost)  
  110  7:00  Probe (Chrono Boost)  
  98  7:13  Adept x7  
  102  7:24  Adept  
  98  7:39  Probe x2 (Chrono Boost)  
  98  7:41  Adept x7  
Tags
 
Add a new tag
Caveats
  • Supply blocks, unpowered buildings, or Contaminate may cause inaccurate times.
  • Supply counts are checked every 10 seconds.